 Dungeon Crawl Stone Soup version 0.23-a0-577-g2b1de94 (webtiles) character file.

51149 MisterFreud the Impaler (level 14, 0/137 HPs)
             Began as a Minotaur Berserker on Dec 14, 2018.
             Was a High Priest of Trog.
             Shot with an arrow by a centaur warrior (13 damage)
             ... on level 13 of the Dungeon.
             The game lasted 00:44:59 (21194 turns).

MisterFreud the Impaler (Minotaur Berserker)       Turns: 21194, Time: 00:45:00

Health: 0/137      AC: 19    Str: 27    XL:     14   Next: 22%
Magic:  0/20       EV:  8    Int:  4    God:    Trog [*****.]
Gold:   250        SH:  0    Dex: 10    Spells: 13/13 levels left

rFire    . . .     SeeInvis .   t - +4 scythe (venom)
rCold    + . .     Gourm    .   (shield currently unavailable)
rNeg     . . .     Faith    .   s - +2 plate armour {rC+}
rPois    .         Spirit   +   P - +0 hat
rElec    .         Reflect  .   u - +1 cloak
rCorr    +         Harm     .   (no gloves)
MR       +....                  (no boots)
Stlth    ..........             T - amulet of guardian spirit
HPRegen  0.32/turn              (no ring)
MPRegen  0.17/turn              f - ring of resist corrosion

@: very slightly contaminated
A: retaliatory headbutt, horns 2
a: Berserk, Trog's Hand, Brothers in Arms, Renounce Religion


You were on level 13 of the Dungeon.
You worshipped Trog.
Trog was extremely pleased with you.
You were hungry.

You visited 2 branches of the dungeon, and saw 19 of its levels.
You also visited: Gauntlet.

You collected 1255 gold pieces.
You spent 1005 gold pieces at shops.

Inventory:

Hand Weapons
 t - a +4 scythe of venom (weapon)
 G - a +1 trident of venom
 N - a +3 antimagic bardiche
 Y - a +0 halberd of flaming
Missiles
 C - 3 silver javelins (quivered)
 I - 2 throwing nets
 V - 13 javelins
Armour
 p - the +6 chain mail "Kabrimp" {rC- rCorr Int+5}
   (You found it on level 9 of the Dungeon)

   It affects your intelligence (+5).
   It makes you vulnerable to cold.
   It provides partial protection from all sources of acid and corrosion.
 s - a +2 plate armour of cold resistance (worn)
 u - a +1 cloak (worn)
 P - a +0 hat (worn)
Jewellery
 f - a ring of resist corrosion (right hand)
 o - a +5 amulet of reflection
 r - a +6 ring of intelligence
 L - an uncursed amulet of regeneration
 T - an amulet of guardian spirit (around neck)
 Z - an uncursed ring of stealth
Wands
 d - a wand of flame (70)
 i - a wand of iceblast (23)
 k - a wand of random effects (40)
 m - a wand of clouds (5)
 n - a wand of paralysis (7)
 A - a wand of polymorph (27)
 F - a wand of scattershot (13)
 W - a wand of acid (25)
Scrolls
 b - 2 scrolls of blinking
 j - 3 scrolls of enchant armour
 w - 11 scrolls of remove curse
 B - 6 scrolls of identify
 D - 3 scrolls of fog
 H - 3 scrolls of enchant weapon
 K - 2 scrolls of magic mapping
 M - 2 scrolls of teleportation
 Q - a scroll of immolation
 R - a scroll of holy word
Potions
 a - a potion of agility
 e - 4 potions of resistance
 g - a potion of ambrosia
 h - 4 potions of lignification
 l - 9 potions of flight
 v - 4 potions of invisibility
 x - 3 potions of magic
 z - 9 potions of curing
 E - 2 potions of mutation
 S - a potion of berserk rage
 X - a potion of haste
Miscellaneous
 q - a phantom mirror
 y - a fan of gales
 O - a fan of gales
 U - a crystal ball of energy
Comestibles
 c - 37 rations
 J - 2 chunks of flesh


   Skills:
 - Level 16.0 Fighting
   Level 3.6 Long Blades
 + Level 16.9 Polearms
 - Level 12.0 Armour
 - Level 2.1 Dodging
 - Level 10.0 Evocations


You had 13 spell levels left.
You didn't know any spells.
Your spell library was empty.

Dungeon Overview and Level Annotations

Branches:
Dungeon (13/15)            Temple (0/1) D:5            Lair (6/6) D:8
  Swamp (0/4) Lair:3        Snake (0/4) Lair:2        Slime (0/5) Lair:5
    Orc (0/2) D:11
 Vaults: D:13-14

Altars:
Elyvilon
Fedhas
Gozag
Hepliaklqana
Makhleb
Ru
Trog
Vehumet
Wu Jian
Yredelemnul
Zin
The Shining One
Jiyva

Shops:
D:5 =!%   D:9 *

Annotations:
D:6 3 runed doors, tstbtto's ghost, novice GrBe
D:8 3 runed doors, Ratty's ghost, novice DENe
D:11 Sonja
D:12 3 runed doors, Kyitigoi's ghost, journeyman DrFi
D:13 1 transporter, Iseh's ghost, journeyman FoFi


Innate Abilities, Weirdness & Mutations

You reflexively headbutt those who attack you in melee.
You have a pair of horns on your head.


Message History

Blink to where?
Press: ? - help, Dir - move target cursor, p - wolf spider You are very lightly contaminated with residual magic.
As you read the scroll of blinking, it crumbles to dust.
Okay, then.
You hear a shout!
You hear a shout!
Your deep troll bites the wolf spider.
Your deep troll claws the wolf spider!
Your deep troll claws the wolf spider but does no damage.
Something hits your deep troll!! Something bites your deep troll.
Your deep troll closely misses the wolf spider.
Your deep troll claws the wolf spider!!
The wolf spider dies!
Trog accepts your kill. Something appears at your feet!
Trog grants you a weapon!
You see here a runed bardiche {god gift}.
N - a runed bardiche {god gift} The centaur warrior shoots an arrow.
The arrow hits you!
You die...

![ ".#. ##.#.###...
#### .###.c...#....
.©.####............
.........T.).......
..........)....... ..
##.......)....... #..
##...............
#..##................
...........@.........
..##..............#..
..
...................#.
.. ####.#....#........#
.. # ##...#.......##
.###
#....##......###...##
#..#..#.............#
#....#................#
#....##................


You could see a centaur warrior and a friendly deep troll (berserk).

Vanquished Creatures
  Snorg (D:13)
  A dire elephant (Lair:6)
  A fire dragon (Lair:6)
  4 hydras
  2 catoblepae (Lair:5)
  A centaur warrior (D:10)
  3 two-headed ogres
  Urug (Lair:4)
  3 skeletal warriors (D:12)
  2 unseen horrors (D:11)
  A swamp dragon (Lair:6)
  Pikel (D:4)
  An ugly thing (D:11)
  A cyclops (D:11)
  9 elephants
  Psyche (D:8)
  2 black mambas
  6 spiny frogs
  A gargoyle (D:13)
  5 komodo dragons
  2 rime drakes
  A torpor snail (Lair:6)
  4 trolls
  Grinder (D:6)
  A hornet (D:11)
  11 polar bears
  2 raiju (Lair:6)
  6 hippogriffs
  Prince Ribbit (D:6)
  7 blink frogs
  A dream sheep (Lair:5)
  Sigmund (D:2)
  3 wyverns
  16 yaks
  Grum (D:8)
  A basilisk (Lair:6)
  2 steam dragons (Lair:6)
  2 hungry ghosts
  Menkaure (D:5)
  6 wargs
  5 vampire mosquitoes (Lair:3)
  15 water moccasins
  3 acid dragons
  3 nagas (Lair:2)
  14 hell hounds (Lair:6)
  11 porcupines
  A slave (D:4)
  6 orc warriors
  3 sky beasts
  13 black bears
  2 necrophages
  An eye of draining (D:13)
  4 swamp drakes (Lair:6)
  3 ice beasts
  13 centaurs
  6 ogres
  3 phantoms
  5 crocodiles
  26 wolves
  Blork the orc (D:5)
  11 bullfrogs
  A water moccasin zombie (D:9)
  A gnoll sergeant (D:7)
  4 scorpions
  6 killer bees (D:11)
  6 wights (D:10)
  6 howler monkeys
  2 electric eels
  5 crimson imps
  4 quasits
  A bullfrog zombie (D:5)
  2 bullfrog skeletons
  5 hounds
  4 jellies
  12 orc wizards
  6 orc priests
  3 centaur skeletons
  3 iguanas
  Terence (D:2)
  5 worker ants
  2 hound skeletons
  8 gnolls
  14 adders
  2 shadow imps
  An ooze (D:4)
  3 adder skeletons
  An adder zombie (D:5)
  2 worms
  3 dart slugs
  An adder simulacrum (D:9)
  6 leopard geckos
  47 orcs
  8 bats
  4 giant cockroaches
  6 hobgoblins
  8 jackals
  8 kobolds
  4 quokkas
  A ball python (D:1)
  3 frilled lizards
  6 goblins
  2 goblin skeletons (D:4)
  3 goblin zombies (D:4)
  A hobgoblin zombie (D:4)
  3 kobold skeletons (D:4)
  A kobold zombie (D:4)
  A leopard gecko skeleton (D:9)
  An orc skeleton (D:4)
  2 orc zombies (D:4)
  2 quokka skeletons
  A quokka zombie (D:7)
  6 rats
504 creatures vanquished.

Vanquished Creatures (collateral kills)
  An unseen horror (D:13)
  2 wolf spiders (D:13)
  3 elephants (Lair:6)
  2 efreet (D:13)
  4 vampire mosquitoes (D:13)
  A hell hound (Lair:6)
  A crimson imp (D:13)
14 creatures vanquished.

Vanquished Creatures (others)
  A bullfrog (D:11)
  An orc (D:7)
  5 fungi
  19 plants
  9 toadstools (Lair:5)
35 creatures vanquished.

Grand Total: 553 creatures vanquished

Notes
Turn   | Place    | Note
-------+----------+-------------------------------------------
     0 | D:1      | MisterFreud the Minotaur Berserker began the quest for the
                  | Orb.
     0 | D:1      | Reached XP level 1. HP: 19/19 MP: 0/0
   198 | D:1      | Reached XP level 2. HP: 27/28 MP: 1/1
   592 | D:1      | Reached skill level 5 in Fighting
   846 | D:2      | Reached XP level 3. HP: 36/36 MP: 2/2
   883 | D:2      | Reached ** piety under Trog
   921 | D:2      | Found a glowing golden altar of the Shining One.
   956 | D:2      | Noticed Sigmund
  1199 | D:2      | Noticed a phantom
  1259 | D:2      | Killed a phantom
  1259 | D:2      | Reached XP level 4. HP: 20/45 MP: 3/3
  1534 | D:2      | Noticed Terence
  1548 | D:2      | Killed Terence
  1548 | D:2      | Reached XP level 5. HP: 36/52 MP: 4/4
  1653 | D:2      | Killed Sigmund
  1653 | D:2      | Reached XP level 6. HP: 62/62 MP: 5/5
  1886 | D:3      | Reached skill level 1 in Polearms
  2788 | D:4      | Reached XP level 7. HP: 56/69 MP: 6/6
  2929 | D:4      | Reached skill level 5 in Armour
  2989 | D:4      | Noticed Pikel
  3009 | D:4      | Killed Pikel
  3009 | D:4      | Reached XP level 8. HP: 37/75 MP: 7/7
  3084 | D:4      | Reached *** piety under Trog
  3085 | D:4      | Found a glowing golden altar of the Shining One.
  3245 | D:4      | Found a bloodstained altar of Trog.
  3343 | D:5      | Entered Level 5 of the Dungeon
  3358 | D:5      | Found Ivigheych's Jewellery Shop.
  3516 | D:5      | Noticed Blork the orc
  3521 | D:5      | Found a staircase to the Ecumenical Temple.
  3526 | D:5      | Killed Blork the orc
  3572 | D:5      | Found Musen's Food Boutique.
  3601 | D:5      | Reached **** piety under Trog
  3617 | D:5      | Found Zuuvyigg's Distillery.
  3620 | D:5      | Bought a potion of curing for 36 gold pieces
  3620 | D:5      | Bought a potion of invisibility for 96 gold pieces
  3620 | D:5      | Bought a potion of curing for 36 gold pieces
  3670 | D:5      | Noticed Menkaure
  3679 | D:5      | Killed Menkaure
  3995 | D:6      | Got a crystal war axe
  3996 | D:6      | Identified the cursed +1 war axe "Wyop" {protect, +Blink
                  | rPois rC+} (You found it on level 6 of the Dungeon)
  4004 | D:6      | Found a runed gate.
  4134 | D:6      | Reached XP level 9. HP: 78/82 MP: 8/8
  4206 | D:6      | Noticed Prince Ribbit
  4210 | D:6      | Noticed Grinder
  4222 | D:6      | Killed Grinder
  4222 | D:6      | Reached skill level 10 in Polearms
  4447 | D:6      | Killed Prince Ribbit
  4532 | D:6      | Noticed tstbtto's ghost (novice GrBe)
  4533 | D:6      | Found a runed gate.
  4533 | D:6      | Found a runed gate.
  4780 | D:7      | Found a hazy altar of Hepliaklqana.
  4781 | D:7      | Found an ornate altar of the Wu Jian Council.
  4783 | D:7      | Found a sacrificial altar of Ru.
  4784 | D:7      | Found a basalt altar of Yredelemnul.
  4784 | D:7      | Found a blossoming altar of Fedhas.
  4788 | D:7      | Found a burning altar of Makhleb.
  4788 | D:7      | Found an opulent altar of Gozag.
  4789 | D:7      | Found a radiant altar of Vehumet.
  5095 | D:7      | Noticed an angel
  5096 | D:7      | Found a glowing silver altar of Zin.
  5254 | D:7      | Found a white marble altar of Elyvilon.
  5326 | D:8      | Noticed Psyche
  5382 | D:8      | Killed Psyche
  5608 | D:8      | Noticed Ratty's ghost (novice DENe)
  5609 | D:8      | Noticed a troll
  5693 | D:8      | Found a runed gate.
  5693 | D:8      | Found a runed gate.
  5695 | D:8      | Found a runed gate.
  5726 | D:8      | Reached XP level 10. HP: 90/90 MP: 9/9
  5774 | D:8      | Found a staircase to the Lair.
  5819 | D:8      | Reached ***** piety under Trog
  5890 | D:8      | Noticed Grum
  5901 | D:8      | Killed Grum
  6344 | D:9      | Received a gift from Trog
  6491 | D:9      | Found Uguxzewn's Assorted Antiques.
  6555 | D:9      | Reached skill level 1 in Evocations
  6872 | D:9      | Got a distressingly furry plate armour
  6883 | D:9      | Identified the cursed +1 plate armour of Pupef {Int+3} (You
                  | found it on level 9 of the Dungeon)
  7000 | D:10     | Entered Level 10 of the Dungeon
  7040 | D:10     | Noticed a centaur warrior
  7053 | D:10     | Killed a centaur warrior
  7273 | D:10     | Reached skill level 5 in Evocations
  7610 | D:10     | Noticed a two-headed ogre
  7623 | D:10     | Killed a two-headed ogre
  7735 | D:10     | Reached XP level 11. HP: 69/95 MP: 14/14
  8268 | Lair:1   | Entered Level 1 of the Lair of Beasts
  9119 | Lair:2   | Reached skill level 10 in Armour
  9208 | Lair:2   | Found a staircase to the Snake Pit.
 10695 | Lair:3   | Reached skill level 10 in Fighting
 11125 | Lair:3   | Reached XP level 12. HP: 83/110 MP: 15/15
 11147 | Lair:3   | Found a gate leading to a gauntlet.
 11155 | Gauntlet | Entered a Gauntlet
 11155 | Gauntlet | Found a transporter.
 11155 | Gauntlet | Found a transporter.
 11158 | Gauntlet | Noticed a catoblepas
 11163 | Gauntlet | Found a transporter.
 11163 | Gauntlet | Found a transporter.
 11163 | Gauntlet | Found a transporter.
 11163 | Gauntlet | Found a transporter.
 11178 | Gauntlet | Found a transporter.
 11180 | Gauntlet | Noticed a tengu warrior
 11181 | Gauntlet | Found a transporter.
 11181 | Gauntlet | Found a transporter.
 11182 | Gauntlet | Found a transporter.
 11197 | Gauntlet | Noticed a death scarab
 11210 | Gauntlet | Found a transporter.
 11211 | Gauntlet | Noticed a ghost crab
 11324 | Gauntlet | Noticed a death scarab
 11330 | Gauntlet | Found a transporter.
 11332 | Gauntlet | Noticed a death scarab
 11620 | Lair:3   | Found a staircase to the Swamp.
 12729 | Lair:4   | Noticed Urug
 12741 | Lair:4   | Killed Urug
 12988 | Lair:5   | Found a staircase to the Slime Pits.
 12988 | Lair:5   | Found a viscous altar of Jiyva.
 13082 | Lair:5   | Got a jewelled chain mail
 13083 | Lair:5   | Identified the cursed +0 chain mail of Generosity {rC++
                  | Dex+3 SInv} (You found it on level 5 of the Lair of Beasts)
 13603 | Lair:5   | Found a runed door.
 13931 | Lair:5   | Noticed a catoblepas
 13931 | Lair:5   | Noticed a catoblepas
 13936 | Lair:5   | Killed a catoblepas
 14329 | Lair:5   | Killed a catoblepas
 14329 | Lair:5   | Reached skill level 15 in Fighting
 14740 | Lair:6   | Entered Level 6 of the Lair of Beasts
 14884 | Lair:6   | Found an ornate altar of the Wu Jian Council.
 15196 | Lair:6   | Reached XP level 13. HP: 84/128 MP: 16/16
 16027 | Lair:6   | Received a gift from Trog
 16877 | Lair:6   | Noticed a fire dragon
 16888 | Lair:6   | Killed a fire dragon
 17256 | Lair:6   | Noticed a dire elephant
 17272 | Lair:6   | Killed a dire elephant
 17272 | Lair:6   | Reached skill level 10 in Evocations
 18607 | D:11     | Paralysed by a hornet for 2 turns
 18628 | D:11     | Reached skill level 15 in Polearms
 18805 | D:11     | Reached ****** piety under Trog
 19076 | D:11     | Found a staircase to the Orcish Mines.
 19087 | D:11     | Received a gift from Trog
 19088 | D:11     | Noticed Sonja
 19779 | D:9      | Got an ichor-stained chain mail
 19790 | D:9      | Identified the +6 chain mail "Kabrimp" {rC- rCorr Int+5}
                  | (You found it on level 9 of the Dungeon)
 19826 | D:9      | Bought a glowing plate armour for 702 gold pieces
 19826 | D:9      | Bought a wooden ring for 135 gold pieces
 20120 | D:12     | Reached XP level 14. HP: 132/137 MP: 16/20
 20195 | D:12     | Found a runed gate.
 20196 | D:12     | Found a runed gate.
 20196 | D:12     | Found a runed gate.
 20197 | D:12     | Noticed a frost giant
 20198 | D:12     | Noticed Kyitigoi's ghost (journeyman DrFi)
 20974 | D:13     | Found a sacrificial altar of Ru.
 20974 | D:13     | Noticed Snorg
 20986 | D:13     | Killed Snorg
 21041 | D:13     | Found a transporter.
 21082 | D:13     | Noticed Iseh's ghost (journeyman FoFi)
 21192 | D:13     | Received a gift from Trog
 21194 | D:13     | Shot with an arrow by a centaur warrior

Vault maps used:
D:1:      nagdon_arrival_zigzag_paths, minmay_split_cup_large
D:2:      overflow_temple_1_default, nicolae_overflow_hidden_temple,
          minmay_bisected, uniq_sigmund, uniq_terence
D:3:      chequers_big_river, patterned_corridor
D:4:      lightli_temple_of_fire, nicolae_tso_besieged_by_evil, uniq_pikel
D:5:      minmay_temple_entry_junction, first_ration, serial_shops,
          nicolae_shop_statue_plus, nicolae_shop_window_shopping, shop,
          uniq_menkaure, uniq_blork_the_orc
D:6:      gammafunk_ghost_nasty_kobolds, uniq_prince_ribbit1, uniq_grinder
D:7:      zin_angel, elyvilon_altar_5, grunt_temple_overflow_open
D:8:      erik_lair_orcish_takeover, gammafunk_ghost_split, uniq_grum,
          uniq_psyche
D:9:      serial_shops, nicolae_shop_waterfront, hangedman_weighted_door
D:11:     orc_0_dummy, uniq_sonja
D:12:     gammafunk_ghost_split, grunt_ogre_cave
D:13:     skrybe_vaults_entry_preservation, gammafunk_ghost_stat_death,
          basic_altar, st_stairs_1, minivault_28, uniq_josephine, uniq_snorg
Lair:2:   guppyfry_snake_entry_island
Lair:3:   minmay_swamp_entry_swarm, gauntlet_entry_generic, grunt_megastairs_5,
          serial_bayou_shore_a, serial_bayou_shore_b, lemuel_fruit_tree
Lair:4:   uniq_urug
Lair:5:   gammafunk_lair_enchanted_lake, slime_altar_1
Lair:6:   hangedman_lair_caniforms_friends, guppyfry_lair_end_dragon,
          basic_altar
Gauntlet: gammafunk_gauntlet_hard_choice

Skill      XL: |  1  2  3  4  5  6  7  8  9 10 11 12 13 14 |
---------------+-------------------------------------------+-----
Fighting       | 4 5 6 7 8 11 16 | 16.0
Polearms       | 2 6 9 12 14 15 16 | 16.9
Armour         | 4 6 8 12 | 12.0
Evocations     | 6 10 | 10.0
Long Blades    | |  3.6
Dodging        | |  2.1

Action                   |  1- 3 |  4- 6 |  7- 9 | 10-12 | 13-15 || total
-------------------------+-------+-------+-------+-------+-------++-------
Melee: Falchion          |    63 |    18 |       |       |       ||    81
       Headbutt          |    14 |    12 |    34 |    87 |    91 ||   238
       Scythe            |       |    39 |   255 |   568 |   457 ||  1319
       Halberd           |       |       |       |       |    32 ||    32
Invok: Berserk           |       |     1 |     1 |     4 |     7 ||    13
       Brothers in Arms  |       |       |       |     1 |     2 ||     3
Evoke: Wand              |       |       |       |       |     4 ||     4
  Use: Scroll            |     2 |     4 |    10 |    14 |     9 ||    39
       Potion            |     1 |       |       |       |     5 ||     6
 Stab: Sleeping          |     1 |     1 |       |       |       ||     2
  Eat: Chunk             |     1 |     5 |    12 |    30 |    22 ||    70
       Ration            |       |       |       |     2 |     2 ||     4
Armor: Animal skin       |    11 |    11 |     9 |       |       ||    31
       Chain mail        |       |       |    96 |    25 |       ||   121
       Plate armour      |       |       |       |   408 |   532 ||   940
Dodge: Dodged            |    49 |    26 |   111 |   244 |   292 ||   722
Block: Other             |    11 |    13 |    67 |   135 |    14 ||   240
       Reflection        |       |       |     5 |     5 |       ||    10
       Rpst.: Falchion   |    18 |     3 |       |       |       ||    21

Table legend:
 A = Non-vault XP
 B = Vault XP
 C = Vault XP percentage of total XP
 D = Non-vault monster count
 E = Vault monster count
 F = Vault count percentage of total count
                 A         B        C        D         E       F
            +---------+---------+-------+---------+---------+-------
      Total |   45886 |   27184 |  37.2 |     383 |     136 |  26.2
            +---------+---------+-------+---------+---------+-------
        D:1 |      30 |       9 |  23.1 |      16 |       5 |  23.8
        D:2 |     139 |     272 |  66.2 |      16 |       5 |  23.8
        D:3 |     220 |       0 |   0.0 |      19 |       0 |   0.0
        D:4 |     373 |     676 |  64.4 |      10 |      15 |  60.0
        D:5 |     541 |     269 |  33.2 |      20 |       2 |   9.1
        D:6 |     552 |     545 |  49.7 |      15 |       2 |  11.8
        D:7 |    1247 |       0 |   0.0 |      31 |       0 |   0.0
        D:8 |     263 |    1623 |  86.1 |      10 |      12 |  54.5
        D:9 |     504 |      95 |  15.9 |      10 |       5 |  33.3
       D:10 |    4246 |       0 |   0.0 |      35 |       0 |   0.0
       D:11 |    6405 |       0 |   0.0 |      54 |       0 |   0.0
       D:12 |    5294 |     839 |  13.7 |      26 |       1 |   3.7
       D:13 |    3147 |    2320 |  42.4 |      21 |       5 |  19.2
     Lair:1 |    1165 |       0 |   0.0 |       8 |       0 |   0.0
     Lair:2 |    5879 |     474 |   7.5 |      25 |       3 |  10.7
     Lair:3 |    3561 |    1035 |  22.5 |      24 |       6 |  20.0
     Lair:4 |    2861 |     875 |  23.4 |      11 |       1 |   8.3
     Lair:5 |    1814 |    3961 |  68.6 |      11 |       8 |  42.1
     Lair:6 |    7645 |   14191 |  65.0 |      21 |      66 |  75.9
            +---------+---------+-------+---------+---------+-------
